 Dungeon Crawl Stone Soup version 0.22-a0-348-gd16d139 (webtiles) character file.

92 4thArraOfDagon the Covered (level 4, 0/29 HPs)
             Began as a Halfling Wanderer on Apr 10, 2018.
             Was an Initiate of Okawaru.
             Succumbed to an adder's poison
             ... on level 2 of the Dungeon.
             The game lasted 00:07:37 (1721 turns).

4thArraOfDagon the Covered (Halfling Wanderer)      Turns: 1721, Time: 00:07:37

Health: 0/29       AC:  2    Str: 13    XL:     4   Next: 90%
Magic:  1/5        EV: 13    Int: 11    God:    Okawaru [......]
Gold:   85         SH:  0    Dex: 13    Spells: 1/5 levels left

rFire    . . .     SeeInvis .   k - +2 dagger (venom)
rCold    . . .     Gourm    .   (shield restricted)
rNeg     . . .     Faith    .   d - +0 robe
rPois    .         Spirit   .   (no helmet)
rElec    .         Reflect  .   (no cloak)
rCorr    .         Harm     .   (no gloves)
MR       .....                  (no boots)
Stlth    +.........             (no amulet)
HPRegen  0.09/turn              (no ring)
MPRegen  0.09/turn              (no ring)

@: lethally poisoned (0 -> -3), berserk cooldown, very slightly contaminated,
slowed, very slow
A: small, mutation resistance 1
a: Renounce Religion


You were on level 2 of the Dungeon.
You worshipped Okawaru.
Okawaru was noncommittal.
You were not hungry.

You visited 1 branch of the dungeon, and saw 2 of its levels.

You collected 85 gold pieces.

Inventory:

Hand Weapons
 b - a +0 spear
 c - a +0 falchion
 k - a +2 dagger of venom (weapon)
Armour
 d - a +0 robe (worn)
Scrolls
 a - a scroll of teleportation
 e - a scroll of remove curse {unknown}
 m - a scroll of magic mapping {unknown}
Comestibles
 f - a ration
 h - a chunk of flesh


   Skills:
 - Level 2.0 Fighting
 - Level 3.2 Armour
   Level 2.1 Shields
 + Level 1.0 Spellcasting
 * Level 2.4 Conjurations
 * Level 2.9 Fire Magic


You had one spell level left.
You knew the following spells:

 Your Spells              Type           Power        Failure   Level  Hunger
a - Flame Tongue          Conj/Fire      #....        11%         1    ##.....
b - Conjure Flame         Conj/Fire      #.......     32%         3    ####...


Dungeon Overview and Level Annotations

Branches:
Dungeon (2/15)

Altars:
Okawaru
Vehumet


Innate Abilities, Weirdness & Mutations

You are small and have problems with some larger weapons.
You are somewhat resistant to further mutation.


Message History

You feel sick.
Things that are here:
a chunk of flesh; an adder skeleton You feel your anger nearly subside.
You are no longer berserk.
You are exhausted.
You feel yourself slow down.
* * * LOW HITPOINT WARNING * * *
You feel sick.
Unknown command.
Unknown command.
Are you sure you want to abandon this character and quit the game? (Confirm with "yes".)
Okay, then.
Unknown command.
Okay, then.
Unknown command.
Unknown command.
Unknown command.
You aren't carrying any potions.
Unknown command.
You die...

..#.# #.# #.####.#
#.. #.#.###.## #.#
#.# ### #.......<#
#.# #.# #..###...#
#.# #.# ##.# #...#
#.####.# #.# #...#
#.#....# ####.###...#
###.#.####
#..........# #.....#
#.##.###..@###.#.###
###.##..##.%.....#.#
.........###..#####.#
........%..#..# #.#
...........#..# #.#
........#..#... ..#
...........#.### ###
.....w....##.#
...........#.#


There were no monsters in sight!

Vanquished Creatures
  Jessica (D:2)
  2 adders (D:2)
  An ooze (D:1)
  2 dart slugs
  2 leopard geckos (D:1)
  A bat (D:2)
  5 goblins
  3 hobgoblins (D:1)
  5 jackals
  12 frilled lizards
  3 kobolds
  4 rats
41 creatures vanquished.

Notes
Turn   | Place    | Note
-------+----------+-------------------------------------------
     0 | D:1      | 4thArraOfDagon the Halfling Wanderer began the quest for the Orb.
     0 | D:1      | 4thArraOfDagon set off with: a +0 spear, a +0 robe, a ration
     0 | D:1      | Reached XP level 1. HP: 14/14 MP: 2/2
     2 | D:1      | Learned a level 1 spell: Flame Tongue
   492 | D:1      | Reached XP level 2. HP: 19/19 MP: 1/3
   659 | D:1      | Found an iron altar of Okawaru.
   730 | D:1      | Became a worshipper of Warmaster Okawaru
  1040 | D:2      | Found a radiant altar of Vehumet.
  1046 | D:2      | Reached XP level 3. HP: 24/24 MP: 1/4
  1094 | D:1      | Learned a level 3 spell: Conjure Flame
  1458 | D:2      | Noticed Jessica
  1488 | D:2      | Killed Jessica
  1488 | D:2      | Reached XP level 4. HP: 11/29 MP: 2/5
  1716 | D:2      | HP: 2/43 [poisoned by an adder]
  1721 | D:2      | Succumbed to an adder's poison

Vault maps used:
D:1:      eino_arrival_water_star, serial_forest, infiniplex_forest_end_2,
          infiniplex_forest_clump_tiny, infiniplex_forest_lined_corner,
          infiniplex_forest_lined_ring, infiniplex_forest_3_way,
          infiniplex_forest_clump_cross, infiniplex_forest_corner_1,
          infiniplex_forest_corner_1, infiniplex_forest_lined_room_2,
          okawaru_ov_weapons_minmay
D:2:      lemuel_round_altar, minmay_lizard_pond, uniq_jessica

Skill      XL: |  1  2  3 |
---------------+----------+-----
Fighting       | 2 |  2.0
Fire Magic     | 2 |  2.9
Conjurations   | 2 |  2.4
Armour         | |  3.2
Shields        | |  2.1
Spellcasting   | |  1.0

Action                   |  1- 3 |  4- 6 || total
-------------------------+-------+-------++-------
Melee: Spear             |    29 |     1 ||    30
       Dagger            |       |    12 ||    12
 Cast: Flame Tongue      |    34 |    11 ||    45
  Use: Scroll            |     1 |     3 ||     4
       Potion            |     1 |     1 ||     2
  Eat: Chunk             |     3 |     2 ||     5
Armor: Robe              |    25 |     2 ||    27
Dodge: Dodged            |    62 |     7 ||    69

Table legend:
 A = Spawn XP
 B = Non-spawn XP
 C = Spawn XP percentage of total XP
 D = Spawn monster count
 E = Non-spawn monster count
 F = Spawn count percentage of total count
 G = Total turns spent on level
                    A         B        C        D         E        F      G
               +---------+---------+-------+---------+---------+-------+---------
         Total |       0 |     132 |   0.0 |       0 |      41 |   0.0 |  1721
               +---------+---------+-------+---------+---------+-------+---------
           D:1 |       0 |      41 |   0.0 |       0 |      20 |   0.0 |  1307
           D:2 |       0 |      91 |   0.0 |       0 |      21 |   0.0 |   414
               +---------+---------+-------+---------+---------+-------+---------
